 Dungeon Crawl Stone Soup version 0.28-a0-909-g796cbd3a86 (webtiles) character file.

Game seed: 15382068974964177562

6165 Ijustatesigmund the Blocker (level 10, -1/82 HPs)
             Began as a Gnoll Fighter on Nov 24, 2021.
             Was a Priest of Cheibriados.
             Slain by an unseen horror (6 damage)
             ... on level 10 of the Dungeon.
             The game lasted 00:15:30 (10099 turns).

Ijustatesigmund the Blocker (Gnoll Fighter)        Turns: 10099, Time: 00:15:31

Health: -1/82      AC: 14    Str: 21    XL:     10   Next: 90%
Magic:  15/18      EV: 15    Int: 16    God:    Cheibriados [***...]
Gold:   694        SH:  9    Dex: 27    Spells: 15/20 levels left

rFire   . . .      SeeInvis .   a - +5 war axe (flame)
rCold   . . .      Faith    .   c - +1 buckler
rNeg    . . .      Spirit   .   b - +4 scale mail "Iphidun" {Dex+8 Stlth+}
rPois   .          Reflect  .   w - +1 helmet
rElec   .          Harm     .   (no cloak)
rCorr   .          Rampage  .   (no gloves)
Will    .....                   (no boots)
Stlth   ++++......              l - amulet of regeneration
HPRegen 1.23/turn               (no ring)
MPRegen 0.16/turn               (no ring)

@: very slow
A: fangs 1, strong nose, distributed training
a: Renounce Religion, Bend Time, Temporal Distortion


You were on level 10 of the Dungeon.
You worshipped Cheibriados.
Cheibriados was most pleased with you.
You visited 2 branches of the dungeon, and saw 11 of its levels.

You collected 694 gold pieces.

Inventory:

Hand Weapons
 a - a +5 war axe of flaming (weapon)
 h - a +3 antimagic hand axe
Missiles
 g - 4 javelins (quivered)
Armour
 b - the +4 scale mail "Iphidun" (worn) {Dex+8 Stlth+}
   (You took it off a kobold brigand on level 9 of the Dungeon)

   Dex:       It affects your dexterity (+8).
   Stlth:     It makes you more stealthy.
 c - a +1 buckler (worn)
 w - a +1 helmet (worn)
Jewellery
 j - a +4 ring of protection
 k - an amulet of the acrobat
 l - an amulet of regeneration (around neck)
 m - a ring of fire
 p - a ring of positive energy
 t - a ring of wizardry
Wands
 d - a wand of flame (14)
 s - a wand of paralysis (10)
Scrolls
 e - 4 scrolls of amnesia
 q - a scroll of silence
 r - a scroll of enchant armour
 x - a scroll of fog
Potions
 f - 2 potions of magic
 i - 2 potions of curing
 n - a potion of flight
 o - 3 potions of attraction
 u - a potion of resistance {unknown}
 v - a potion of cancellation
 z - a potion of brilliance {unknown}


   Skills:
 + Level 8.8 Fighting
 + Level 5.7 Short Blades
 + Level 5.7 Long Blades
 + Level 7.4 Axes
 + Level 5.7 Maces & Flails
 + Level 5.7 Polearms
 + Level 5.7 Staves
 + Level 5.7 Slings
 + Level 5.7 Bows
 + Level 5.7 Crossbows
 + Level 5.7 Throwing
 + Level 8.8 Armour
 + Level 5.7 Dodging
 + Level 5.7 Stealth
 + Level 8.8 Shields
 + Level 5.7 Unarmed Combat
 + Level 5.7 Spellcasting
 + Level 4.7 Conjurations
 + Level 4.7 Hexes
 + Level 4.7 Summonings
 + Level 4.7 Necromancy
 + Level 4.7 Translocations
 + Level 4.7 Transmutations
 + Level 4.7 Fire Magic
 + Level 4.7 Ice Magic
 + Level 4.7 Air Magic
 + Level 4.7 Earth Magic
 + Level 4.7 Poison Magic
 + Level 6.2 Invocations
 + Level 5.7 Evocations


You had 15 spell levels left.
You knew the following spells:

 Your Spells              Type           Power      Damage    Failure   Level
a - Lesser Beckoning      Tloc           19%        N/A       14%         3
b - Blink                 Tloc           38%        N/A       7%          2

Your spell library contained the following spells:

 Spells                   Type           Power      Damage    Failure   Level
 Foxfire                  Conj/Fire      76%        2x1d7     4%          1
 Freeze                   Ice            76%        1d9       4%          1
 Conjure Flame            Conj/Fire      19%        6-21      14%         3
 Frozen Ramparts          Ice            38%        1d5       14%         3
 Gell's Gravitas          Tloc           19%        N/A       14%         3
 Inner Flame              Hex/Fire       19%        N/A       14%         3
 Teleport Other           Tloc           19%        N/A       14%         3
 Flame Wave               Conj/Fire      19%        3d5       43%         4
 Hailstorm                Conj/Ice       19%        3d6       43%         4
 Summon Ice Beast         Ice/Summ       19%        N/A       43%         4
 Manifold Assault         Tloc           19%        N/A       78%         5
 Summon Mana Viper        Hex/Summ       19%        N/A       78%         5
 Monstrous Menagerie      Summ           9%         N/A       100%        7


Dungeon Overview and Level Annotations

Branches:
Dungeon (10/15)            Temple (1/1) D:4            Lair (0/6) D:9
    Orc: D:9-12

Altars:
Ashenzari
Cheibriados
Dithmenos
Elyvilon
Fedhas
Hepliaklqana
Kikubaaqudgha
Makhleb
Nemelex Xobeh
Okawaru
Qazlal
Ru
Sif Muna
Trog
Uskayaw
Vehumet
Wu Jian
Xom
Yredelemnul
Zin
The Shining One

Shops:
D:10 *

Annotations:
D:9 Joseph
D:10 Snorg


Innate Abilities, Weirdness & Mutations

You have very sharp teeth.
Your uncanny sense of smell can sniff out nearby items.
Your experience applies equally to all skills.


Message History

Cheibriados appreciates the change of pace.
Snorg goes berserk!
Okay, then.
Okay, then.
Casting: Lesser Beckoning (dangerous; 14% risk of failure)
Confirm with . or Enter, or press ? or * to list all spells.
You blink.
Found a leather armour.
You feel stable enough to blink again.
Snorg rages.
Casting: Blink (safe; 7% risk of failure)
Confirm with . or Enter, or press ? or * to list all spells.
You blink.
You block something's attack.
Deactivating autopickup; reactivate with Ctrl-A.
Something hits you. Something hits you.
You feel stable enough to blink again.
Snorg rages.
Something hits you. You block something's attack.
Something hits you but does no damage. You block something's attack.
Something barely misses you. x2
Something hits you but does no damage. x2
Snorg rages.
Something hits you. Snorg bites you. Snorg claws you!
* * * LOW HITPOINT WARNING * * *
Snorg claws you!
* * * LOW HITPOINT WARNING * * *
Casting: Blink (safe; 7% risk of failure)
Confirm with . or Enter, or press ? or * to list all spells.
You blink.
Something hits you.
* * * LOW HITPOINT WARNING * * *
As you read the scroll of fog, it crumbles to dust.
The scroll dissolves into smoke.
Something hits you.
* * * LOW HITPOINT WARNING * * *
You feel stable enough to blink again. Something hits you.
* * * LOW HITPOINT WARNING * * *
Something hits you.
You die...

###.................##.##.
##....#.........##...#...##
#....#..........###........
##...##.........##...##....
.###...###.........##...###.#.
.....!††.......T.................
..............§§§§...............
...###........§§§{§..............
...#⌠#....#...§§@{§..(#...)####.#
.# #.###.................#####...
. #...#.......<....## #.##.# ..
###.............####...##.
...⌠#.............##....###.
.[###......(...∩.....>...#..
#...##.............##. ##. #.##
#...(.........# ## ...
.......#_#...##


There were no monsters in sight!

Vanquished Creatures
  A troll (D:9)
  A meliai zombie (D:10)
  A vampire (D:10)
  19 yaks
  Grum (D:9)
  Menkaure (D:6)
  A water moccasin (D:8)
  3 ice beasts
  3 orc warriors
  2 ogres
  4 wolves (D:9)
  2 centaurs
  A phantom (D:6)
  A kobold brigand (D:9)
  2 bullfrogs (D:9)
  2 scorpions
  A killer bee (D:9)
  3 howler monkeys
  3 jellies
  2 electric eels (D:9)
  A bullfrog zombie (D:3)
  2 centaur zombies
  2 hounds (D:4)
  4 orc priests
  A bullfrog skeleton (D:5)
  An iguana (D:6)
  2 orc wizards
  A hound zombie (D:5)
  A howler monkey zombie (D:9)
  3 gnolls (D:4)
  A howler monkey skeleton (D:6)
  An adder (D:2)
  A white imp (D:7)
  An adder skeleton (D:4)
  2 worms
  2 dart slugs
  27 orcs
  3 bats
  5 endoplasms
  4 giant cockroaches
  6 goblins
  5 hobgoblins
  7 jackals
  12 kobolds
  6 quokkas
  6 ball pythons
  2 frilled lizards (D:1)
  7 rats (D:1)
  A spectral hobgoblin (D:1)
171 creatures vanquished.

Vanquished Creatures (others)
  2 plants (D:9)
2 creatures vanquished.

Grand Total: 173 creatures vanquished

Notes
Turn   | Place    | Note
-------+----------+-------------------------------------------
     0 | D:1      | Ijustatesigmund the Gnoll Fighter began the quest for the
                  | Orb.
     0 | D:1      | Reached XP level 1. HP: 23/23 MP: 1/1
   185 | D:1      | Reached XP level 2. HP: 29/29 MP: 2/2
   223 | D:1      | Found a faded altar of an unknown god.
   383 | D:1      | Reached XP level 3. HP: 34/35 MP: 3/3
   699 | D:1      | Reached skill level 1 in Invocations
  1350 | D:2      | Reached skill level 1 in Short Blades
  1350 | D:2      | Reached skill level 1 in Long Blades
  1350 | D:2      | Reached skill level 1 in Maces & Flails
  1350 | D:2      | Reached skill level 1 in Polearms
  1350 | D:2      | Reached skill level 1 in Staves
  1350 | D:2      | Reached skill level 1 in Slings
  1350 | D:2      | Reached skill level 1 in Bows
  1350 | D:2      | Reached skill level 1 in Crossbows
  1350 | D:2      | Reached skill level 1 in Throwing
  1350 | D:2      | Reached skill level 1 in Dodging
  1350 | D:2      | Reached skill level 1 in Stealth
  1350 | D:2      | Reached skill level 1 in Unarmed Combat
  1350 | D:2      | Reached skill level 1 in Spellcasting
  1350 | D:2      | Reached skill level 1 in Evocations
  1598 | D:2      | Reached XP level 4. HP: 39/41 MP: 5/5
  2307 | D:3      | Reached skill level 1 in Conjurations
  2307 | D:3      | Reached skill level 1 in Hexes
  2307 | D:3      | Reached skill level 1 in Summonings
  2307 | D:3      | Reached skill level 1 in Necromancy
  2307 | D:3      | Reached skill level 1 in Translocations
  2307 | D:3      | Reached skill level 1 in Transmutations
  2307 | D:3      | Reached skill level 1 in Fire Magic
  2307 | D:3      | Reached skill level 1 in Ice Magic
  2307 | D:3      | Reached skill level 1 in Air Magic
  2307 | D:3      | Reached skill level 1 in Earth Magic
  2307 | D:3      | Reached skill level 1 in Poison Magic
  2409 | D:3      | Reached XP level 5. HP: 41/47 MP: 3/6
  2960 | D:4      | Reached XP level 6. HP: 53/53 MP: 8/8
  3004 | D:4      | Found a staircase to the Ecumenical Temple.
  3020 | D:4      | Reached skill level 5 in Axes
  3041 | Temple   | Entered the Ecumenical Temple
  3744 | D:4      | Found a snail-covered altar of Cheibriados.
  3753 | D:4      | Became a worshipper of Cheibriados the Contemplative
  3830 | D:4      | Reached XP level 7. HP: 49/59 MP: 10/10
  3917 | D:5      | Entered Level 5 of the Dungeon
  5105 | D:6      | Noticed Menkaure
  5118 | D:6      | Killed Menkaure
  5138 | D:6      | Reached XP level 8. HP: 66/67 MP: 12/12
  5183 | D:6      | Learned a level 3 spell: Lesser Beckoning
  6182 | D:7      | Reached * piety under Cheibriados
  6279 | D:7      | Identified the +5 robe of Lust {Int+5 Dex-4}
  7284 | D:8      | Reached XP level 9. HP: 72/72 MP: 14/14
  8244 | D:9      | Noticed Grum
  8251 | D:9      | Killed Grum
  8895 | D:9      | Reached skill level 5 in Invocations
  8953 | D:9      | Noticed a troll
  8958 | D:9      | Killed a troll
  8959 | D:9      | Reached XP level 10. HP: 80/80 MP: 17/17
  9071 | D:9      | Found a glowing golden altar of the Shining One.
  9074 | D:9      | Found a staircase to the Lair.
  9129 | D:9      | Reached ** piety under Cheibriados
  9187 | D:9      | Identified the +4 scale mail "Iphidun" {Dex+8 Stlth+}
  9287 | D:9      | Found an iron altar of Okawaru.
  9453 | D:9      | Reached skill level 5 in Short Blades
  9453 | D:9      | Reached skill level 5 in Long Blades
  9453 | D:9      | Reached skill level 5 in Maces & Flails
  9453 | D:9      | Reached skill level 5 in Polearms
  9453 | D:9      | Reached skill level 5 in Staves
  9453 | D:9      | Reached skill level 5 in Slings
  9453 | D:9      | Reached skill level 5 in Bows
  9453 | D:9      | Reached skill level 5 in Crossbows
  9453 | D:9      | Reached skill level 5 in Throwing
  9453 | D:9      | Reached skill level 5 in Dodging
  9453 | D:9      | Reached skill level 5 in Stealth
  9453 | D:9      | Reached skill level 5 in Unarmed Combat
  9453 | D:9      | Reached skill level 5 in Spellcasting
  9453 | D:9      | Reached skill level 5 in Evocations
  9680 | D:9      | Noticed Joseph
  9727 | D:10     | Entered Level 10 of the Dungeon
  9736 | D:10     | Learned a level 2 spell: Blink
  9769 | D:10     | Found Zin's Purification Station.
  9888 | D:10     | Found a glowing silver altar of Zin.
 10073 | D:10     | Noticed Snorg
 10085 | D:10     | Reached *** piety under Cheibriados
 10099 | D:10     | Slain by an unseen horror

Illustrated notes

Levels and vault maps discovered:
D:1:      amcnicky_arrival_blooded_trapdoor, layout_loops_ring,
          dreamdust_ecumenical_altar_drowned_temple
D:2:      layout_loops_ring
D:3:      layout_loops_ring, solitary_fountain, kennysheep_crisscross
D:4:      layout_gridville, lemuel_tele_altar, minmay_temple_entry_ruins
D:5:      layout_layer_cave
D:6:      layout_rooms, bh_walls_and_bars, uniq_menkaure
D:7:      layout_basic
D:8:      layout_basic, serial_co_window_serial, co_window_paths_a,
          co_window_paths_a, co_window_paths_b, co_window_of_opportunity_a,
          co_window_paths_a, co_window_paths_a, co_window_paths_b,
          co_window_unsneaky_path_b, co_window_corner_ca,
          co_window_of_opportunity_c, co_window_corner_cb, co_window_4corner_a,
          glass_columns_b
D:9:      layout_layer_cave, mainiacjoe_overflow_big_doors, lair_entry_dummy,
          serial_bayou, serial_bayou_pond_e, serial_bayou_shore_a,
          serial_bayou_crossing, serial_bayou_pond_d, chequers_mini_garden,
          kennysheep_generic_room_2, uniq_joseph, uniq_grum
D:10:     layout_cross, zin_purify, kennysheep_little_box,
          nicolae_fountain_basement, uniq_snorg
Temple:   minmay_crystal_spiral_temple

Skill      XL: |  1  2  3  4  5  6  7  8  9 10 |
---------------+-------------------------------+-----
Invocations    | 1 2 3 4 5 6 |  6.2
Short Blades   | 1 2 3 4 5 |  5.7
Long Blades    | 1 2 3 4 5 |  5.7
Maces & Flails | 1 2 3 4 5 |  5.7
Polearms       | 1 2 3 4 5 |  5.7
Staves         | 1 2 3 4 5 |  5.7
Slings         | 1 2 3 4 5 |  5.7
Bows           | 1 2 3 4 5 |  5.7
Crossbows      | 1 2 3 4 5 |  5.7
Throwing       | 1 2 3 4 5 |  5.7
Dodging        | 1 2 3 4 5 |  5.7
Stealth        | 1 2 3 4 5 |  5.7
Unarmed Combat | 1 2 3 4 5 |  5.7
Spellcasting   | 1 2 3 4 5 |  5.7
Evocations     | 1 2 3 4 5 |  5.7
Conjurations   | 1 2 3 4 |  4.7
Hexes          | 1 2 3 4 |  4.7
Summonings     | 1 2 3 4 |  4.7
Necromancy     | 1 2 3 4 |  4.7
Translocations | 1 2 3 4 |  4.7
Transmutations | 1 2 3 4 |  4.7
Fire Magic     | 1 2 3 4 |  4.7
Ice Magic      | 1 2 3 4 |  4.7
Air Magic      | 1 2 3 4 |  4.7
Earth Magic    | 1 2 3 4 |  4.7
Poison Magic   | 1 2 3 4 |  4.7
Axes           | 5 6 7 |  7.4
Fighting       | 7 8 |  8.8
Armour         | 7 8 |  8.8
Shields        | 7 8 |  8.8

Action                   |  1- 3 |  4- 6 |  7- 9 | 10-12 || total
-------------------------+-------+-------+-------+-------++-------
Melee: War axe           |   105 |    95 |   226 |    95 ||   521
       Bite              |     5 |    10 |    20 |    20 ||    55
       Unarmed           |       |       |     1 |       ||     1
Throw: Javelin           |       |     2 |     1 |       ||     3
       Throwing net      |       |       |     1 |       ||     1
 Cast: Blink             |       |       |       |     3 ||     3
Invok: Bend Time         |       |       |     1 |     1 ||     2
Evoke: Wand              |       |       |    11 |     3 ||    14
  Use: Scroll            |     6 |     6 |    13 |     2 ||    27
       Potion            |       |     2 |     6 |     1 ||     9
 Stab: Paralysed         |       |       |    13 |       ||    13
       Held in net/web   |       |       |     1 |       ||     1
       Sleeping          |       |       |       |     1 ||     1
Armor: Scale mail        |    44 |    18 |       |    30 ||    92
       Chain mail        |       |    18 |   121 |    13 ||   152
Dodge: Dodged            |    36 |    47 |    79 |    73 ||   235
Block: Buckler           |    24 |    28 |    88 |    53 ||   193

Table legend: (Time is in decaauts)
 A = Elapsed time spent in this place.
 B = Non-inter-level travel time spent in this place.
 C = Inter-level travel time spent in this place.
 D = Time resting spent in this place.
 E = Time spent auto-exploring this place.
 F = Levels seen in this place.
 G = Mean time per level.
                   A        B        C        D        E       F      G
               +--------+--------+--------+--------+--------+-----+--------+
         Total |  11957 |  11617 |    340 |   1541 |   8525 |  11 | 1087.0 |
       Dungeon |  11746 |  11491 |    255 |   1541 |   8414 |  10 | 1174.6 |
        Temple |    210 |    126 |     84 |      0 |    111 |   1 |  210.0 |
               +--------+--------+--------+--------+--------+-----+--------+

Top non-repeatable levels by time:
     D:9: 2034 daAuts
     D:8: 1859 daAuts
     D:7: 1559 daAuts
     D:5: 1468 daAuts
     D:3: 1071 daAuts
     D:1: 970 daAuts
     D:2: 902 daAuts
     D:4: 860 daAuts
     D:6: 597 daAuts
    D:10: 421 daAuts
  Temple: 210 daAuts
